 Dungeon Crawl Stone Soup version 0.31.0-32-g396128a36d (webtiles) character file.

Game seed: 6520349899142817308

87736 boopmooplesden the Severer (level 15, -17/216 HPs)
             Began as a Black Draconian Berserker on Apr 16, 2024.
             Was a High Priest of Trog.
             Demolished by Agnes
             ... wielding a +5 lajatang of speed
              (30 damage)
             ... on level 15 of the Dungeon.
             The game lasted 00:39:55 (26667 turns).

boopmooplesden the Severer (DrBe)                  Turns: 26667, Time: 00:39:57

Health: -17/216    AC: 16    Str: 27    XL:     15   Next: 44%
Magic:  15/15      EV: 16    Int: 12    God:    Trog [*****.]
Gold:   429        SH:  0    Dex: 11    Spells: 14/14 levels left

rFire   + . .        a - +12 war axe of the Grand God {venom, rC+ rN+ Stlth+}
rCold   + . .        (no shield)
rNeg    + . .        (body armour unavailable)
rPois   +            s - +2 hat
rElec   +            H - +2 cloak "Temn" {Will+ Int+5 Slay+2}
rCorr   .            z - +0 pair of gloves
SInv    .            u - +0 pair of boots
Will    ++...        k - amulet of the acrobat Stlth
                     n - ring of poison resistance
HPRegen 0.56/turn    D - ring of protection from fire
MPRegen 0.14/turn

%: acrobat
@: berserking, flying, studying Ranged Weapons, very quick
A: breathe lightning, AC +9, unfitting armour, big wings, electricity
resistance, cold-blooded
a: Breathe Lightning, Renounce Religion, Berserk, Trog's Hand, Brothers in Arms


You were on level 15 of the Dungeon.
You worshipped Trog.
Trog was extremely pleased with you.
You visited 3 branches of the dungeon, and saw 22 of its levels.

You collected 2115 gold pieces.
You spent 1686 gold pieces at shops.

Inventory:

Hand Weapons
 a - the +12 war axe of the Grand God (weapon) {venom, rC+ rN+ Stlth+}
   (You found it on level 8 of the Dungeon)

   rC+:       It protects you from cold.
   rN+:       It protects you from negative energy.
   Stlth+:    It makes you more stealthy.
 b - the +7 arbalest of Putzirch {penet, Str+2}
   (You found it on level 4 of the Dungeon)

   Str+2:     It affects your strength (+2).
 h - a +1 hammer of holy wrath
 o - a +3 scimitar of flaming
 r - a +2 hand axe of freezing
 v - a +0 war axe of chaos
 C - a +6 heavy war axe
 I - a +3 broad axe of flaming
 T - the +2 battleaxe of Vagatzo {flame, Str+2}
   (Trog gifted it to you on level 2 of the Orcish Mines)

   Str+2:     It affects your strength (+2).
 W - the +5 orcbow of Fabulous Tender Mercy {flame, rN+ Dex+5 Stlth-}
   (You bought it in a shop on level 12 of the Dungeon)

   Dex+5:     It affects your dexterity (+5).
   rN+:       It protects you from negative energy.
   Stlth-:    It makes you less stealthy.
Missiles
 c - 11 javelins (quivered)
 y - a throwing net
Armour
 i - a +0 cloak
 s - a +2 hat (worn)
 t - the +1 robe of the Sneaky Persimmons {rC+ Int+5 Slay-6}
   (You found it on level 6 of the Dungeon)

   Int+5:     It affects your intelligence (+5).
   Slay-6:    It affects your accuracy & damage with ranged weapons and melee
   (-6).
   rC+:       It protects you from cold.
 u - a +0 pair of boots (worn)
 z - a +0 pair of gloves (worn)
 H - the +2 cloak "Temn" (worn) {Will+ Int+5 Slay+2}
   (You found it on level 10 of the Dungeon)

   Int+5:     It affects your intelligence (+5).
   Slay+2:    It affects your accuracy & damage with ranged weapons and melee
   (+2).
   Will+:     It increases your willpower.
 M - a scarf of harm
Jewellery
 d - a ring of magical power
 g - a ring of flight
 k - an amulet of the acrobat (around neck)
 n - a ring of poison resistance (left hand)
 D - a ring of protection from fire (right hand)
 L - a ring of protection from fire
 O - a ring of fire
 Z - an amulet of reflection
Talismans
 R - a blade talisman
 U - a granite talisman
Wands
 m - a wand of flame (36)
 F - a wand of charming (12)
 K - a wand of light (4)
 N - a wand of roots (12)
Scrolls
 f - 6 scrolls of teleportation
 l - 3 scrolls of noise
 x - 4 scrolls of revelation
 A - 4 scrolls of identify
 Y - a scroll of blinking
Potions
 e - 11 potions of curing
 j - 6 potions of lignification
 p - a potion of invisibility
 q - 3 potions of degeneration
 w - 2 potions of mutation
 B - 3 potions of enlightenment
 E - a potion of brilliance
 G - 2 potions of berserk rage
 J - a potion of might {unknown}
 S - a potion of attraction
 V - a potion of heal wounds
 X - a potion of ambrosia {unknown}


   Skills:
 + Level 16.1 Fighting
 + Level 18.1 Axes
 + Level 6.2 Ranged Weapons
 + Level 0.6 Throwing
 + Level 11.3 Dodging
 + Level 8.3 Stealth


You had 14 spell levels left.
You didn't know any spells.
Your spell library was empty.

Dungeon Overview and Level Annotations

Branches:
Dungeon (15/15)            Temple (0/1) D:4            Lair (5/5) D:8
 Shoals (0/4) Lair:2        Snake (0/4) Lair:3        Slime (0/5) Lair:5
    Orc (2/2) D:12            Elf (0/3) Orc:2        Vaults (0/5) D:13
 Depths: D:15

Altars:
Ashenzari
Dithmenos
Elyvilon
Fedhas
Hepliaklqana
Makhleb
Ru
Sif Muna
Uskayaw
Vehumet
Xom
Yredelemnul
Jiyva

Shops:
D:3 !   D:12 *(:   Orc:2 *!=!*

Annotations:
D:15 Agnes
Lair:1 3 runed translucent doors, Dungobob's ghost, journeyman MiFi


Innate Abilities, Weirdness & Mutations

You can breathe wild blasts of lightning.
Your glossy black scales are hard. (AC +9)
You cannot fit into any form of body armour.
Your large and strong wings let you fly.
You are resistant to electric shocks. (rElec)
You are cold-blooded and may be slowed by cold attacks.


Message History

You feel yourself moving faster!
You feel mighty!
Agnes hits you with a +5 lajatang of speed!
The centaur warrior hits you.
The centaur warrior kicks you but does no damage.
Agnes hits you with a +5 lajatang of speed!!
* * * LOW HITPOINT WARNING * * *
The centaur unwields a +0 shortbow.
The centaur hits you but does no damage.
The centaur kicks you but does no damage.
A centaur comes into view.
You barely miss Agnes.
Agnes is moderately wounded.
You slash the centaur warrior! You barely miss the centaur.
Agnes hits you with a +5 lajatang of speed!!
* * * LOW HITPOINT WARNING * * *
The centaur warrior hits you but does no damage.
The centaur warrior kicks you but does no damage.
Agnes hits you with a +5 lajatang of speed!!
* * * LOW HITPOINT WARNING * * *
The centaur hits you but does no damage.
The centaur misses you.
You miss Agnes. You tail-slap Agnes!
Agnes is moderately wounded.
You slice the centaur!!
The centaur looks as sick as possible!
You slice the centaur warrior!!
The centaur warrior looks as sick as possible!
Agnes closely misses you. The centaur warrior closely misses you.
The centaur warrior kicks you but does no damage.
You slice Agnes!!
Agnes looks as sick as possible!
Agnes is heavily wounded.
You slash the centaur warrior!
The centaur warrior looks as sick as possible!
You slice the centaur!!
You kill the centaur!
Trog accepts your kill.
You kill the centaur warrior!
Trog accepts your kill.
Agnes hits you with a +5 lajatang of speed!!
You die...
Agnes says, "May you follow the Path of Peace in your next life."

###################### .
...................... ..
...........#......... ...
#.......#......... ....
#.......#......... c.c..
#@).....#.........
......####i)...............
....cci!.cc................
........##################.
##......# #. ....##..# #.
... ...+ ###. ## #+### #...
#..#


You could see Agnes (extremely poisoned) and 2 centaurs.

Vanquished Creatures
  Saint Roka (Orc:2)
  Jorgrun (D:12)
  Frances (D:13)
  Donald (Orc:2)
  Snorg (Lair:5)
  7 hydras
  A vault guard (D:13)
  Erica (D:8)
  5 catoblepae (Lair:5)
  2 centaur warriors
  An ice dragon (Lair:5)
  5 two-headed ogres
  3 boulder beetles (D:13)
  15 death yaks
  Urug (Lair:5)
  An orc high priest (Orc:1)
  Sonja (D:12)
  A skyshark (Lair:3)
  A fire crab (Lair:4)
  An arcanist (D:14)
  A sixfirhy (D:10)
  2 lindwurms (Lair:5)
  4 deep elf pyromancers
  2 orc sorcerers (Orc:2)
  2 ugly things
  3 manticores
  Maurice (Orc:2)
  3 cyclopes
  3 meliai (D:14)
  A black mamba (Lair:5)
  2 torpor snails (Lair:4)
  4 gargoyles
  Joseph (D:7)
  4 elephants
  2 smoke demons (D:10)
  A merfolk siren (Lair:2)
  8 cane toads
  3 rime drakes (Lair:4)
  3 kobold demonologists (D:11)
  An unseen horror (D:12)
  An efreet (D:13)
  16 komodo dragons
  2 ice devils (Orc:2)
  Psyche (D:8)
  A freezing wraith (D:14)
  7 trolls
  12 dream sheep
  12 blink frogs
  A wraith (D:11)
  59 yaks
  A shadow (D:11)
  4 wyverns
  2 wargs
  6 basilisks
  2 steam dragons (D:8)
  Grum (D:11)
  Menkaure (D:5)
  9 vampire mosquitoes
  An acid dragon (D:11)
  13 water moccasins
  19 orc warriors
  An ice beast (D:7)
  2 black bears
  4 laughing skulls
  A crocodile (D:11)
  4 wolves (D:11)
  13 ogres
  8 centaurs
  2 phantoms
  8 kobold brigands
  8 bullfrogs
  2 gnoll sergeants
  A scorpion (D:7)
  19 wights
  5 killer bees (D:9)
  3 howler monkeys
  An electric eel (Lair:4)
  3 crimson imps
  24 orc priests
  2 bombardier beetles
  6 hounds
  2 gnoll boudas
  A sleepcap (D:6)
  Crazy Yiuf (D:2)
  3 jellies
  6 iguanas
  40 orc wizards
  A boggart simulacrum (D:14)
  24 gnolls
  9 adders
  3 shadow imps
  5 white imps
  2 ufetubi (D:10)
  A ribbon worm (D:2)
  A dart slug (D:2)
  86 orcs
  2 ball pythons
  16 endoplasms
  9 giant cockroaches
  6 goblins
  7 hobgoblins
  5 jackals (D:1)
  12 kobolds
  A quokka (D:4)
  8 bats
  5 frilled lizards
  10 rats
656 creatures vanquished.

Vanquished Creatures (collateral kills)
  2 orc high priests (Orc:2)
  An orc knight (Orc:2)
  3 orc sorcerers (Orc:2)
  4 wargs (Orc:2)
  4 orc warriors (Orc:2)
  7 orc priests (Orc:2)
  6 orc wizards (Orc:2)
  3 orcs (Orc:2)
30 creatures vanquished.

Vanquished Creatures (others)
  A kobold (D:8)
1 creature vanquished.

Grand Total: 687 creatures vanquished

Notes
Turn   | Place    | Note
-------+----------+-------------------------------------------
     0 | D:1      | boopmooplesden the Draconian Berserker began the quest for
                  | the Orb.
     0 | D:1      | Reached XP level 1. HP: 19/19 MP: 1/1
     1 | D:1      | Found a runed translucent door.
    19 | D:1      | Reached XP level 2. HP: 26/26 MP: 2/2
   263 | D:1      | Reached XP level 3. HP: 14/33 MP: 3/3
  1259 | D:2      | Reached ** piety under Trog
  1526 | D:2      | Reached skill level 4 in Axes
  1526 | D:2      | Reached XP level 4. HP: 40/40 MP: 4/4
  1917 | D:2      | Found a runed translucent door.
  1918 | D:2      | Noticed Crazy Yiuf
  1925 | D:2      | Killed Crazy Yiuf
  2107 | D:2      | Reached XP level 5. HP: 42/46 MP: 5/5
  2449 | D:3      | Reached skill level 5 in Axes
  2703 | D:3      | Found a shadowy altar of Dithmenos.
  2781 | D:3      | Found a hazy altar of Hepliaklqana.
  3001 | D:3      | Found a shimmering blue altar of Sif Muna.
  3205 | D:3      | Found Sinor's Distillery.
  3379 | D:4      | Identified the +7 arbalest of Putzirch {penet, Str+2}
  3393 | D:4      | Noticed an orc warrior
  3408 | D:4      | Killed an orc warrior
  3409 | D:4      | Reached skill level 1 in Stealth
  3409 | D:4      | Reached XP level 6. HP: 53/53 MP: 6/6
  3777 | D:4      | You fall into a shaft and drop 2 floors!
  3806 | D:6      | Reached skill level 6 in Axes
  3806 | D:6      | Your scales start taking on a glossy black colour.
  3806 | D:6      | Reached XP level 7. HP: 50/60 MP: 7/7
  3806 | D:6      | Gained mutation: You are resistant to electric shocks.
                  | (rElec) [Black Draconian growth]
  4014 | D:6      | Reached skill level 5 in Fighting
  4216 | D:6      | Reached skill level 7 in Axes
  4227 | D:6      | Identified the +1 robe of the Sneaky Persimmons {rC+ Int+5
                  | Slay-6}
  4298 | D:5      | Entered Level 5 of the Dungeon
  4328 | D:5      | Reached *** piety under Trog
  4329 | D:5      | Reached XP level 8. HP: 68/69 MP: 8/8
  5055 | D:5      | Identified the +0 ring mail of the Orcish Mines {rElec
                  | Dex+2}
  5166 | D:5      | Reached skill level 5 in Dodging
  5197 | D:5      | Noticed Menkaure
  5200 | D:5      | Killed Menkaure
  5201 | D:5      | Reached skill level 8 in Axes
  5592 | D:4      | Found a staircase to the Ecumenical Temple.
  6813 | D:7      | Reached skill level 1 in Ranged Weapons
  6869 | D:7      | Found a hide-covered altar of Uskayaw.
  6913 | D:7      | Reached XP level 9. HP: 79/79 MP: 9/9
  6920 | D:7      | Found a white marble altar of Elyvilon.
  6975 | D:7      | Reached **** piety under Trog
  7240 | D:7      | Found a blossoming altar of Fedhas.
  7266 | D:7      | Noticed Joseph
  7282 | D:7      | Killed Joseph
  7283 | D:7      | Reached skill level 9 in Axes
  7884 | D:8      | Noticed Erica
  7898 | D:8      | Killed Erica
  8096 | D:8      | Identified the +12 war axe of the Grand God {venom, rC+ rN+
                  | Stlth+}
  8113 | D:8      | Reached skill level 10 in Axes
  8250 | D:8      | Found a burning altar of Makhleb.
  8251 | D:8      | Found a shimmering altar of Xom.
  8325 | D:8      | Reached XP level 10. HP: 85/88 MP: 10/10
  8790 | D:8      | Found a staircase to the Lair.
  8846 | D:8      | Reached skill level 11 in Axes
  9132 | D:8      | Noticed Psyche
  9138 | D:8      | Killed Psyche
  9407 | D:9      | Noticed a two-headed ogre
  9415 | D:9      | Killed a two-headed ogre
  9506 | D:9      | Reached skill level 12 in Axes
  9506 | D:9      | Reached XP level 11. HP: 53/97 MP: 11/11
  9767 | D:9      | Found a broken altar of Ashenzari.
  9857 | D:9      | Reached skill level 5 in Stealth
  9957 | D:9      | Found a basalt altar of Yredelemnul.
 10073 | D:9      | Found a sacrificial altar of Ru.
 10567 | D:9      | Reached ***** piety under Trog
 10997 | D:10     | Entered Level 10 of the Dungeon
 11181 | D:10     | Reached skill level 10 in Fighting
 11181 | D:10     | Reached skill level 13 in Axes
 11419 | D:10     | Found a radiant altar of Vehumet.
 11470 | D:10     | Noticed a two-headed ogre
 11478 | D:10     | Killed a two-headed ogre
 11607 | D:10     | Noticed a sixfirhy
 11617 | D:10     | Killed a sixfirhy
 11952 | D:10     | Identified the +2 cloak "Temn" {Will+ Int+5 Slay+2}
 12140 | D:10     | Received a gift from Trog
 12447 | Lair:1   | Entered Level 1 of the Lair of Beasts
 12579 | Lair:1   | Found a runed translucent gate.
 12792 | Lair:1   | Reached XP level 12. HP: 98/108 MP: 12/12
 12876 | Lair:1   | Reached skill level 14 in Axes
 13013 | Lair:1   | Noticed Dungobob's ghost (journeyman MiFi)
 13014 | Lair:1   | Found a runed translucent gate.
 13014 | Lair:1   | Found a runed translucent gate.
 13015 | Lair:1   | Noticed a catoblepas
 14298 | Lair:2   | Found a staircase to the Shoals.
 14392 | Lair:3   | Noticed a four-headed hydra
 14404 | Lair:3   | Killed a ten-headed hydra
 15217 | Lair:3   | Found a staircase to the Snake Pit.
 15395 | Lair:4   | Noticed a death yak
 15396 | Lair:4   | Noticed a death yak
 15405 | Lair:4   | Killed a death yak
 15407 | Lair:4   | Killed a death yak
 15408 | Lair:4   | Reached skill level 15 in Axes
 15589 | Lair:4   | Noticed a six-headed hydra
 15602 | Lair:4   | Killed an 11-headed hydra
 15828 | Lair:4   | Noticed a seven-headed hydra
 15840 | Lair:4   | Killed a ten-headed hydra
 15845 | Lair:4   | Reached XP level 13. HP: 118/118 MP: 13/13
 16449 | Lair:4   | Reached skill level 5 in Ranged Weapons
 16877 | Lair:5   | Entered Level 5 of the Lair of Beasts
 16879 | Lair:5   | Noticed Urug
 17045 | Lair:5   | Noticed Snorg
 17061 | Lair:5   | Reached skill level 16 in Axes
 17064 | Lair:5   | Killed Snorg
 17326 | Lair:5   | Killed Urug
 17831 | Lair:5   | Found a staircase to the Slime Pits.
 17833 | Lair:5   | Found a viscous altar of Jiyva.
 18143 | Lair:5   | Gained mutation: Your large and strong wings let you fly.
                  | [Black Draconian growth]
 18143 | Lair:5   | Reached XP level 14. HP: 76/129 MP: 14/14
 19390 | Lair:5   | Reached skill level 10 in Dodging
 20048 | D:11     | Noticed Grum
 20062 | D:11     | Killed Grum
 20067 | D:11     | Reached skill level 17 in Axes
 20800 | D:11     | Reached ****** piety under Trog
 20802 | D:11     | Received a gift from Trog
 20966 | D:12     | Noticed Sonja
 20969 | D:12     | Killed Sonja
 21182 | D:12     | Found Dowk's Book Boutique.
 21238 | D:12     | Found Ybuint's Antique Weapon Shoppe.
 21270 | D:12     | Bought a slimy orcbow for 246 gold pieces
 21270 | D:12     | Identified the +5 orcbow of Fabulous Tender Mercy {flame,
                  | rN+ Dex+5 Stlth-} (You bought it in a shop on level 12 of
                  | the Dungeon)
 21562 | D:12     | Found Binnoh's Assorted Antiques.
 21644 | D:12     | Found a staircase to the Orcish Mines.
 21851 | D:12     | Noticed Jorgrun
 21858 | D:12     | Killed Jorgrun
 21957 | D:13     | Noticed Frances
 21972 | D:13     | Killed Frances
 22348 | D:13     | Reached skill level 15 in Fighting
 22742 | D:13     | Received a gift from Trog
 22744 | D:13     | Found a gate to the Vaults.
 23363 | Orc:1    | Entered Level 1 of the Orcish Mines
 23920 | Orc:2    | Entered Level 2 of the Orcish Mines
 23925 | Orc:2    | Noticed Donald
 23935 | Orc:2    | Reached XP level 15. HP: 127/139 MP: 15/15
 23954 | Orc:2    | Killed Donald
 23963 | Orc:2    | Noticed Saint Roka
 24355 | Orc:2    | Killed Saint Roka
 24486 | Orc:2    | Found a staircase to the Elven Halls.
 24552 | Orc:2    | Found Bilufaig's Gadget Gallery.
 24560 | Orc:2    | Identified the +2 battleaxe of Vagatzo {flame, Str+2} (Trog
                  | gifted it to you on level 2 of the Orcish Mines)
 24560 | Orc:2    | Received a gift from Trog
 24715 | Orc:2    | Noticed Maurice
 24719 | Orc:2    | Killed Maurice
 24760 | Orc:2    | Found Hah Sopt's Distillery.
 24760 | Orc:2    | Found Gipost's Assorted Antiques.
 24760 | Orc:2    | Found Xicroo's Jewellery Shoppe.
 24781 | Orc:2    | Reached skill level 18 in Axes
 24782 | Orc:2    | Received a gift from Trog
 24820 | Orc:2    | Found Ameucisamy's Distillery.
 25387 | D:12     | Bought a manual of Ranged Weapons for 1440 gold pieces
 26615 | D:15     | Entered Level 15 of the Dungeon
 26650 | D:15     | Noticed Agnes
 26667 | D:15     | Demolished by Agnes

Illustrated notes

Levels and vault maps discovered:
D:1:      dpeg_arrival_caged_fury, layout_basic
D:2:      cheibrodos_pilgrimage, layout_basic, uniq_crazy_yiuf_cottage
D:3:      layout_loops_ring, lemuel_blue_sif_altar,
          nicolae_dithmenos_the_darkroom, nicolae_hepliaklqana_hazy_memory,
          serial_shops, nicolae_shop_crystal, minivault_25, roderic_lattice_a
D:4:      layout_basic, minmay_temple_entry_crystal_x
D:5:      layout_basic, minivault_4, uniq_menkaure
D:6:      layout_basic
D:7:      layout_layer_cave, kennysheep_mini_moat,
          mainiacjoe_overflow_surrounded_room, mainiacjoe_overflow_24_doors,
          uniq_joseph
D:8:      layout_loops_ring, grunt_temple_overflow_champion_of_chaos,
          erik_lair_dragon, uniq_erica, uniq_psyche
D:9:      layout_basic, nicolae_ashenzari_skybound, nicolae_ru_awakened_eye,
          mainiacjoe_overflow_chevrons, grunt_decor_fettered,
          minmay_quadrilaterals
D:10:     layout_gridville, lemuel_coloured_pillars_altar,
          nicolae_demonic_statue_gallery
D:11:     nicolae_hitomezashi [nicolae_hito_row, nicolae_hito_row,
          nicolae_hito_row, nicolae_hito_row, nicolae_hito_row,
          nicolae_hito_row, nicolae_hito_row, nicolae_hito_row,
          nicolae_hito_row, nicolae_hito_row, nicolae_hito_row,
          nicolae_hito_row, nicolae_hito_row, nicolae_hito_row,
          nicolae_hito_row, nicolae_hito_row, nicolae_hito_row,
          nicolae_hito_row], layout_gridville, minmay_lizard_king, uniq_grum
D:12:     layout_grid_maze, kennysheep_orc_monster_closet_entryway,
          serial_shops, shop, shop, nicolae_stop_n_shop_1, uniq_jorgrun,
          uniq_sonja
D:13:     layout_long_grid, david_vaults_5, uniq_frances
D:14:     layout_roguey, serial_aquarium, aquarium_bridge_square
          [aquarium_subvault_balcony, aquarium_subvault_bridge,
          aquarium_subvault_balcony, aquarium_subvault_balcony],
          aquarium_window_2, aquarium_window_1, aquarium_window_fake,
          aquarium_view_2e, aquarium_view_2d, aquarium_balcony_double_2,
          aquarium_pool_five, minmay_misc_feat_five,
          nicolae_concentric_dashed_squares_mild
D:15:     grunt_enter_depths_hoard, layout_stronghold, uniq_agnes
Lair:1:   layout_chaotic_city, gammafunk_ghost_split
Lair:2:   layout_regular_city, minmay_shoals_entry_lonely_mermaid
Lair:3:   layout_gridlike, dummy_snake_entry, serial_forest,
          infiniplex_forest_lined_1, infiniplex_forest_end_3,
          infiniplex_forest_clump_large, infiniplex_forest_diagonal,
          infiniplex_forest_clump_small, infiniplex_forest_fountain,
          infiniplex_forest_clump_cross, infiniplex_forest_end_double,
          infiniplex_forest_clump_tiny, infiniplex_staircase_pool
Lair:4:   layout_cave_shapes, minmay_shattered_shrine, grunt_megastairs_2,
          serial_bayou_shore_a
Lair:5:   evilmike_catoblepas_cave, layout_misc_corridors, slime_entry_1,
          bobbens_ice_dragon_lair, uniq_urug, uniq_snorg
Orc:1:    layout_caves, basic_altar
Orc:2:    st_orc_mages, layout_caves, portal_ice_cave_demonic_guard,
          nicolae_shop_gadgets, uniq_maurice, uniq_donald, uniq_saint_roka

Skill      XL: |  1  2  3  4  5  6  7  8  9 10 11 12 13 14 15 |
---------------+----------------------------------------------+-----
Dodging        | 3 4 5 6 7 8 9 10 11 | 11.3
Axes           | 4 5 6 7 8 10 12 13 15 16 17 18 | 18.1
Fighting       | 4 5 7 8 9 10 12 13 15 16 | 16.1
Stealth        | 1 2 3 4 5 6 7 8 |  8.3
Ranged Weapons | 1 3 4 5 6 |  6.2
Throwing       | |  0.6

Action                     |  1- 3 |  4- 6 |  7- 9 | 10-12 | 13-15 || total
---------------------------+-------+-------+-------+-------+-------++-------
  Melee: Hand axe          |   117 |   109 |       |       |       ||   226
         Tailslap          |     9 |    15 |    26 |    63 |   115 ||   228
         Punch             |     1 |     2 |     1 |     5 |     6 ||    15
         War axe           |       |    31 |   219 |   373 |   642 ||  1265
   Fire: Arbalest          |       |     1 |    35 |    26 |    37 ||    99
  Throw: Javelin           |       |       |     3 |       |       ||     3
 Invoke: Berserk           |     2 |     4 |     6 |     8 |    13 ||    33
         Brothers in Arms  |       |       |       |       |     4 ||     4
         Trog's Hand       |       |       |       |       |     2 ||     2
Ability: Breathe Lightning |       |       |     1 |       |       ||     1
    Use: Scroll            |     1 |       |    10 |     8 |    12 ||    31
         Potion            |       |       |       |       |     3 ||     3
   Stab: Sleeping          |       |     6 |     3 |    10 |    17 ||    36
         Distracted        |       |       |       |       |     2 ||     2
 Armour: Skin              |    75 |    78 |   149 |   261 |   500 ||  1063
  Dodge: Dodged            |   105 |    84 |   175 |   289 |   522 ||  1175
